 Dungeon Crawl Stone Soup version 0.20.0 (webtiles) character file.

2579 BarneyGumball the Grappler (level 9, 0/78 (80) HPs)
             Began as a Troll Monk on June 6, 2017.
             Was a Priest of the Shining One.
             Slain by a manticore (12 damage)
             ... on level 6 of the Dungeon.
             The game lasted 00:13:59 (5598 turns).

BarneyGumball the Grappler (Troll Monk)             Turns: 5598, Time: 00:14:00

HP:   0/78 (80)     AC:  6    Str: 21    XL:     9   Next: 32%
MP:   8/8           EV: 10    Int: 10    God:    the Shining One [***...]
Gold: 194           SH:  0    Dex: 15    Spells: 8/8 levels left

rFire    . . .     SeeInvis .     - Unarmed
rCold    . . .     Gourm    +   (no shield)
rNeg     + + .     Faith    .   a - +1 robe
rPois    +         Spirit   .   (helmet restricted)
rElec    .         Reflect  .   (no cloak)
rCorr    .         Harm     .   (gloves unavailable)
MR       .....                  (boots unavailable)
Stlth    +.........             e - amulet of regeneration
Regen    1.1/turn               o - +1 ring of evasion
MPRegen  0.2/turn               y - ring "Pacwasai" {rPois rN+ EV-2 Int+4} (curse)

@: barbed spikes, glowing
A: unfitting armour, claws 3, fast metabolism 3, gourmand, regeneration 1,
shaggy fur 1, tough skin 2
a: Divine Shield, Renounce Religion


You were on level 6 of the Dungeon.
You worshipped the Shining One.
The Shining One was most pleased with you.
You were completely stuffed.

You visited 2 branches of the dungeon, and saw 8 of its levels.
You also visited: Ossuary.

You collected 284 gold pieces.
You spent 90 gold pieces at shops.

Inventory:

Missiles
 v - a throwing net (quivered)
Armour
 a - a +1 robe (worn)
 t - a +0 shield
Jewellery
 e - an amulet of regeneration (around neck)
 h - an uncursed ring of magical power
 l - an uncursed ring of protection from magic
 o - a +1 ring of evasion (left claw)
 u - an uncursed ring of protection from fire
 y - the cursed ring "Pacwasai" (right claw) {rPois rN+ EV-2 Int+4}
   (You took it off an orc wizard on level 6 of the Dungeon)

   [ring of evasion]

   It affects your evasion (-2).
   It affects your intelligence (+4).
   It protects you from poison.
   It protects you from negative energy.
   It has a curse placed upon it.
Wands
 E - a wand of iceblast (14/15)
Scrolls
 d - 6 scrolls of identify
 f - a scroll of teleportation
 m - a scroll of enchant weapon
 n - 2 scrolls of enchant armour
 q - 6 scrolls of remove curse
 r - 3 scrolls of fear
Potions
 c - a potion of invisibility {unknown}
 i - a potion of agility {unknown}
 k - 5 potions of might {unknown}
 p - 2 potions of lignification {unknown}
 s - 5 potions of curing
 w - a potion of berserk rage {unknown}
 z - 4 potions of heal wounds {unknown}
 A - a potion of brilliance {unknown}
 C - a potion of mutation {unknown}
 D - a potion of magic {unknown}
 G - a potion of ambrosia {unknown}
Comestibles
 b - 3 bread rations
 g - 5 royal jellies
 j - 8 meat rations
 F - 4 fruits


   Skills:
 - Level 2.4 Fighting
 - Level 2.4 Dodging
 - Level 1.0 Stealth
 * Level 5.5 Shields
 - Level 11.0 Unarmed Combat
 + Level 0.0 Invocations


You had 8 spell levels left.
You didn't know any spells.

Dungeon Overview and Level Annotations

Branches:
Dungeon (7/15)             Temple (1/1) D:5

Altars:
Cheibriados
Dithmenos
Fedhas
Hepliaklqana
Kikubaaqudgha
Makhleb
Nemelex Xobeh
Okawaru
Ru
Trog
Vehumet
Xom
Yredelemnul
Zin
The Shining One

Annotations:
D:6 2 exclusions


Innate Abilities, Weirdness & Mutations

You are too large for most types of armour.
You have claws for hands.
Your metabolism is lightning-fast.
You like to eat raw meat.
Your natural rate of healing is unusually fast.
You are covered in fur. (AC +1)
You have very tough skin. (AC +2)


Message History

The manticore barely misses you. The manticore claws you. x2
There is an open door, spattered with blood here.
You see here a quokka skeleton.
You claw the manticore!
The manticore is moderately wounded.
The manticore bites you! The manticore barely misses you.
The manticore claws you.
You claw the manticore!
The manticore is moderately wounded.
The manticore bites you. The manticore claws you!
* * * LOW HITPOINT WARNING * * *
The manticore claws you but does no damage.
You claw the manticore!
The manticore is heavily wounded.
The manticore bites you!
* * * LOW HITPOINT WARNING * * *
The manticore claws you.
* * * LOW HITPOINT WARNING * * *
The manticore claws you!
You die...

....##.....## #.........#
#..####...## #.......$.# ##.#
##'## #.........#$$ #..#####.#
#.........'H$ ### ..##.....#
#.........# #.. .........##
###.........# #.⌠
####......####.#.........# #..
#.......†...#H........# #..
#......####.#@##############)#
#.....## ###..P.P.P.P#.....).
#####.# #.........#....... #.#
#.........#....... #.#
#.P.P.P.P.'....... #.#
################## # #.# #....
# #.# #.### # #.# ####### #.#


You could see a manticore.

Vanquished Creatures
  An orc warrior (D:6)
  A sky beast (D:7)
  2 ice beasts (D:5)
  A necrophage (D:7)
  4 ogres
  2 phantoms
  4 bullfrogs
  A scorpion (D:6)
  A jelly (D:7)
  4 wights (D:6)
  3 howler monkeys (D:7)
  3 crimson imps
  A centaur zombie (Ossuary)
  2 bullfrog zombies
  A human zombie (Ossuary)
  2 hounds
  4 orc wizards
  2 orc priests
  A bullfrog skeleton (D:6)
  6 worker ants
  An iguana (D:4)
  A killer bee zombie (D:7)
  4 mummies (Ossuary)
  4 gnolls (D:6)
  A howler monkey skeleton (D:4)
  7 adders
  2 shadow imps
  2 adder skeletons (D:6)
  2 worms
  3 dart slugs
  3 leopard geckos
  17 orcs
  11 bats
  7 giant cockroaches
  A gnoll zombie (Ossuary)
  8 goblins
  3 hobgoblins
  5 jackals
  4 quokkas
  3 frilled lizards
  A hobgoblin zombie (Ossuary)
  A jackal skeleton (D:4)
  4 kobolds (D:1)
  A kobold zombie (Ossuary)
  A leopard gecko skeleton (D:6)
  A leopard gecko zombie (D:5)
  3 orc zombies (Ossuary)
  12 rats
159 creatures vanquished.

Vanquished Creatures (others)
  5 toadstools (D:1)
5 creatures vanquished.

Grand Total: 164 creatures vanquished

Notes
Turn   | Place    | Note
-------+----------+-------------------------------------------
     0 | D:1      | BarneyGumball the Troll Monk began the quest for the Orb.
     0 | D:1      | Reached XP level 1. HP: 22/22 MP: 0/0
    69 | D:1      | Reached XP level 2. HP: 29/29 MP: 1/1
   276 | D:1      | Reached skill level 4 in Unarmed Combat
   362 | D:1      | Reached XP level 3. HP: 36/36 MP: 2/2
  1311 | D:3      | Reached XP level 4. HP: 42/44 MP: 3/3
  1381 | D:3      | Reached skill level 5 in Unarmed Combat
  2123 | D:4      | Found a sand-covered staircase.
  2147 | Ossuary  | Entered an ossuary
  2166 | Ossuary  | Reached XP level 5. HP: 50/50 MP: 4/4
  2224 | Ossuary  | Reached skill level 1 in Shields
  2224 | Ossuary  | Reached skill level 6 in Unarmed Combat
  2402 | D:4      | Noticed an ogre
  2410 | D:4      | Killed an ogre
  2410 | D:4      | Reached XP level 6. HP: 12/59 MP: 5/5
  2580 | D:4      | Reached skill level 7 in Unarmed Combat
  2898 | D:5      | Entered Level 5 of the Dungeon
  2934 | D:5      | Reached XP level 7. HP: 66/66 MP: 6/6
  2965 | D:5      | Found a staircase to the Ecumenical Temple.
  2972 | Temple   | Entered the Ecumenical Temple
  3081 | Temple   | Became a worshipper of the Shining One
  3081 | Temple   | Reached * piety under the Shining One
  3081 | Temple   | Reached ** piety under the Shining One
  3297 | D:5      | Reached skill level 8 in Unarmed Combat
  3843 | D:5      | Reached XP level 8. HP: 43/74 MP: 7/7
  3973 | D:6      | Found a sacrificial altar of Ru.
  4191 | D:6      | Reached skill level 9 in Unarmed Combat
  4460 | D:6      | Found a glowing silver altar of Zin.
  4464 | D:6      | Found Zin's Purification Station.
  4470 | D:6      | Bought a potion of curing for 90 gold pieces
  4889 | D:7      | Reached *** piety under the Shining One
  4889 | D:7      | Reached skill level 10 in Unarmed Combat
  4968 | D:7      | Reached skill level 5 in Shields
  5280 | D:7      | Reached XP level 9. HP: 78/78 MP: 8/8
  5409 | D:6      | Got a crude lead ring
  5411 | D:6      | Identified the cursed ring "Pacwasai" {rPois rN+ EV-2 Int+4} (You took it off an orc wizard on level 6 of the Dungeon)
  5440 | D:6      | Noticed a manticore
  5507 | D:6      | Reached skill level 11 in Unarmed Combat
  5598 | D:6      | Slain by a manticore

Skill      XL: |  1  2  3  4  5  6  7  8  9 |
---------------+----------------------------+-----
Unarmed Combat | 4 5 6 7 8 10 11 | 11.0
Shields        | 1 2 3 5 |  5.5
Fighting       | |  2.4
Dodging        | |  2.4
Stealth        | |  1.0

Action                   |  1- 3 |  4- 6 |  7- 9 || total
-------------------------+-------+-------+-------++-------
Melee: Unarmed           |   104 |   119 |   183 ||   406
       Punch             |     3 |     6 |     6 ||    15
  Use: Scroll            |       |       |    12 ||    12
 Stab: Sleeping          |     8 |     3 |       ||    11
  Eat: Chunk             |    17 |    15 |    25 ||    57
Armor: Robe              |    51 |    32 |    28 ||   111
Dodge: Dodged            |    64 |    38 |    60 ||   162
